 Dungeon Crawl Stone Soup version 0.27-a0-668-gb5737ff2c0 (webtiles) character file.

Game seed: 5564333806626039190

125031 theanonym the Severer (level 16, 0/152 HPs)
             Began as a Minotaur Abyssal Knight on Mar 17, 2021.
             Was the Champion of Lugonu.
             Succumbed to a redback's poison
             ... on level 2 of the Spider Nest.
             The game lasted 00:49:11 (43573 turns).

theanonym the Severer (Minotaur Abyssal Knight)    Turns: 43573, Time: 00:49:12

Health: 0/152      AC: 28    Str: 35      XL:     16   Next: 40%
Magic:  7/7        EV: 12    Int: 13 (14) God:    Lugonu [******]
Gold:   1791       SH:  0    Dex: 11      Spells: 15/15 levels left

rFire    . . .     SeeInvis .   a - +7 executioner's axe (antimagic)
rCold    . . .     Faith    .   (shield currently unavailable)
rNeg     . . .     Spirit   .   b - +1 plate armour {rPois}
rPois    +         Reflect  .   (helmet restricted)
rElec    .         Harm     .   l - +2 cloak {Will+}
rCorr    .         Rampage  .   v - +2 pair of gloves of Byal {Int+5}
Will     ++...                  K - +1 pair of boots
Stlth    ..........             (no amulet)
HPRegen  0.35/turn              s - +6 ring of strength
MPRegen  0.10/turn              S - +6 ring of strength

@: lethally poisoned (0 -> -71)
A: horns 2, retaliatory headbutt
a: Renounce Religion, Depart the Abyss, Bend Space, Banish, Corrupt, Enter the
Abyss, Brand Weapon With Distortion


Innate Abilities, Weirdness & Mutations

You have a pair of horns on your head.
You reflexively headbutt those who attack you in melee.


   Skills:
 + Level 16.7 Fighting
 * Level 20.5 Axes
 + Level 16.0 Armour
 + Level 9.2 Dodging
 - Level 10.0 Invocations


You had 15 spell levels left.
You didn't know any spells.
Your spell library contained the following spells:

 Spells                   Type           Power      Damage    Failure   Level
 Apportation              Tloc           0%         N/A       77%         1
 Corona                   Hex            0%         N/A       77%         1
 Magic Dart               Conj           0%         1d3       77%         1
 Sandblast                Erth           0%         2d4       77%         1
 Shock                    Conj/Air       0%         1d3       77%         1
 Blink                    Tloc           N/A        N/A       88%         2
 Call Imp                 Summ           0%         N/A       88%         2
 Passwall                 Tmut/Erth      0%         N/A       88%         2
 Searing Ray              Conj           0%         3d3       88%         2
 Slow                     Hex            0%         N/A       88%         2
 Confusing Touch          Hex            0%         N/A       98%         3
 Conjure Flame            Conj/Fire      0%         6-21      98%         3
 Dazzling Flash           Conj/Hex       0%         N/A       98%         3
 Gell's Gravitas          Tloc           0%         N/A       98%         3
 Inner Flame              Hex/Fire       0%         N/A       98%         3
 Lesser Beckoning         Tloc           0%         N/A       98%         3
 Mephitic Cloud           Conj/Pois/Air  0%         N/A       98%         3
 Portal Projectile        Hex/Tloc       0%         N/A       98%         3
 Stone Arrow              Conj/Erth      0%         3d7       98%         3
 Tukima's Dance           Hex            0%         N/A       98%         3
 Cause Fear               Hex            0%         N/A       100%        4
 Leda's Liquefaction      Hex/Erth       0%         N/A       100%        4
 Petrify                  Tmut/Erth      0%         N/A       100%        4
 Sticky Flame             Conj/Fire      0%         2d3       100%        4
 Alistair's Intoxication  Tmut/Pois      0%         N/A       100%        5
 Fireball                 Conj/Fire      0%         3d3       100%        5
 Irradiate                Conj/Tmut      0%         3d14      100%        5
 Lee's Rapid Deconstruct  Erth           0%         3d5*      100%        5
 Lightning Bolt           Conj/Air       0%         1d11      100%        5
 Metabolic Englaciation   Hex/Ice        0%         N/A       100%        5
 Summon Forest            Summ/Tloc      0%         N/A       100%        5
 Summon Mana Viper        Hex/Summ       0%         N/A       100%        5
 Yara's Violent Unravell  Hex/Tmut       0%         3d3       100%        5
 Hydra Form               Tmut           0%         N/A       100%        6
 Invisibility             Hex            0%         N/A       100%        6
 Shadow Creatures         Summ           N/A        N/A       100%        6
 Statue Form              Tmut/Erth      0%         N/A       100%        6
 Dragon Form              Tmut           0%         N/A       100%        7
 Malign Gateway           Summ/Tloc      0%         N/A       100%        7
 Summon Hydra             Summ           0%         N/A       100%        7
 Ignition                 Fire           0%         3d3       100%        8

Skill      XL: |  1  2  3  4  5  6  7  8  9 10 11 12 13 14 15 16 |
---------------+-------------------------------------------------+-----
Axes           | 3 4 5 6 8 9 10 12 14 15 17 18 19 20 | 20.5
Fighting       | 4 5 6 7 8 9 10 11 12 13 14 16 | 16.7
Armour         | 4 5 7 9 10 11 13 14 15 16 | 16.0
Invocations    | 3 4 5 7 9 10 | 10.0
Dodging        | 4 8 9 |  9.2

Action                   |  1- 3 |  4- 6 |  7- 9 | 10-12 | 13-15 | 16-18 || total
-------------------------+-------+-------+-------+-------+-------+-------++-------
Melee: Hand axe          |    69 |   137 |   408 |    64 |       |       ||   678
       Headbutt          |     6 |    21 |    60 |   170 |   284 |    23 ||   564
       War axe           |       |       |       |   342 |       |       ||   342
       Broad axe         |       |       |       |   347 |       |       ||   347
       Battleaxe         |       |       |       |    51 |  1072 |       ||  1123
       Scimitar          |       |       |       |       |    37 |       ||    37
       Executioner's axe |       |       |       |       |       |   134 ||   134
Throw: Throwing net      |       |       |       |     1 |       |       ||     1
Invok: Bend Space        |       |       |       |     2 |     3 |     1 ||     6
       Banish            |       |       |       |     3 |       |     1 ||     4
Evoke: Wand              |       |       |       |     9 |     8 |       ||    17
       Condenser vane    |       |       |       |       |     3 |       ||     3
  Use: Scroll            |       |     5 |     7 |     8 |     9 |    11 ||    40
       Potion            |       |       |     1 |     7 |     5 |     5 ||    18
 Stab: Invisible         |       |       |       |     4 |       |       ||     4
       Held in net/web   |       |       |       |     1 |       |       ||     1
       Petrified         |       |       |       |     6 |     7 |       ||    13
       Petrifying        |       |       |       |       |     2 |       ||     2
       Confused          |       |       |       |       |     4 |       ||     4
Armor: Leather armour    |    16 |       |       |       |       |       ||    16
       Ring mail         |     5 |    12 |       |       |       |       ||    17
       Plate armour      |       |    57 |   293 |   520 |   930 |   216 ||  2016
       Chain mail        |       |     4 |       |       |       |       ||     4
       Scale mail        |       |     2 |       |       |       |       ||     2
       Skin              |       |       |     8 |       |       |       ||     8
Dodge: Dodged            |    58 |    47 |   106 |   248 |   467 |   163 ||  1089
       Rpst.: Scimitar   |       |       |       |       |     1 |       ||     1

Inventory:

Hand Weapons
 a - a +7 antimagic executioner's axe (weapon)
Missiles
 J - 2 throwing nets
Armour
 b - a +1 plate armour of poison resistance (worn)
 l - a +2 cloak of willpower (worn)
 p - a scarf of repulsion
 v - the +2 pair of gloves of Byal (worn) {Int+5}

   It affects your intelligence (+5).
 K - a +1 pair of boots (worn)
Jewellery
 s - a +6 ring of strength (right hand)
 z - a ring of wizardry
 B - a ring of positive energy
 G - a ring of protection from cold
 H - a ring of see invisible
 I - a ring of fire
 S - a +6 ring of strength (left hand)
Wands
 c - a wand of iceblast (2)
 d - a wand of digging (3)
 j - a wand of mindburst (21)
 o - a wand of flame (18)
 M - a wand of paralysis (8)
 P - a wand of random effects (8)
Scrolls
 f - 3 scrolls of fog
 r - 5 scrolls of identify
 t - 12 scrolls of teleportation
 u - a scroll of fear
 C - 7 scrolls of enchant armour
 F - a scroll of immolation
 N - a scroll of silence
 U - a scroll of vulnerability
Potions
 e - 3 potions of lignification
 h - a potion of haste
 m - 2 potions of might
 n - 5 potions of flight
 q - 2 potions of heal wounds
 w - 12 potions of curing
 x - 2 potions of ambrosia
 A - 6 potions of brilliance
 D - a potion of berserk rage
 E - a potion of invisibility
 L - a potion of mutation
 O - a potion of attraction
Miscellaneous
 Q - a condenser vane


You were on level 2 of the Spider Nest.
You worshipped Lugonu.
Lugonu was exalted by your worship.
You visited 4 branches of the dungeon, and saw 25 of its levels.
You visited the Abyss 1 time.
You also visited: Sewer, Ossuary, Gauntlet and Ice Cave.

You collected 2785 gold pieces.
You spent 994 gold pieces at shops.

Dungeon Overview and Level Annotations

Branches:
Dungeon (15/15)            Temple (0/1) D:5            Lair (6/6) D:8
 Shoals (0/4) Lair:4       Spider (2/4) Lair:2        Slime (0/5) Lair:6
    Orc (2/2) D:11            Elf (0/3) Orc:2        Vaults (0/5) D:13
 Depths (0/5) D:15          Sewer (visited)         Ossuary (visited)
  IceCv (visited)         Gauntlet (visited)

Altars:
Ashenzari
Fedhas
Gozag
Hepliaklqana
Kikubaaqudgha
Sif Muna
Trog
Uskayaw
Wu Jian
Xom
Yredelemnul
The Shining One
Beogh
Lugonu

Shops:
D:2 [   D:11 *   Orc:2 [([?

Annotations:
D:13 2 transporters
Lair:1 exclusions: door and oklob plant

####.[..........
#.....................
##.....................
#......................
###.....................
#^......................
#(s.............<.......
......°ss..s............
......s@s...............
.......s...........=?...
........................
..............!.........
.................$......
........................
........................
.......................
...............


You could see a demonic crawler, 2 jumping spiders, a tarantella (fleeing) and 3
redbacks.

Notes
Turn   | Place    | Note
-------+----------+-------------------------------------------
     0 | Abyss:1  | theanonym the Minotaur Abyssal Knight began the quest for
                  | the Orb.
     0 | Abyss:1  | Reached XP level 1. HP: 19/19 MP: 1/1
    23 | Abyss:1  | Found an ancient bone altar of Kikubaaqudgha.
    55 | D:1      | Escaped the Abyss
   117 | D:1      | HP: 9/19 [goblin/+0 club (1)]
   299 | D:1      | Reached skill level 3 in Axes
   303 | D:1      | Reached XP level 2. HP: 16/26 MP: 2/2
   312 | D:1      | HP: 13/26 [frilled lizard (2)]
   734 | D:1      | Reached ** piety under Lugonu
   924 | D:1      | Reached skill level 4 in Axes
  1098 | D:2      | Found Durhel's Armour Emporium.
  1120 | D:2      | Reached XP level 3. HP: 31/33 MP: 3/3
  1352 | D:2      | Noticed a centaur
  1354 | D:2      | Reached skill level 4 in Fighting
  1361 | D:2      | HP: 14/33 [centaur (5)]
  1363 | D:2      | Killed a centaur
  1364 | D:2      | Reached skill level 5 in Axes
  1364 | D:2      | Reached XP level 4. HP: 14/41 MP: 4/4
  1686 | D:2      | Reached XP level 5. HP: 47/47 MP: 5/5
  1720 | D:2      | Found an ancient bone altar of Kikubaaqudgha.
  1742 | D:2      | HP: 23/47 [poisoned by an orc]
  2259 | D:3      | Reached skill level 6 in Axes
  2443 | D:3      | Reached *** piety under Lugonu
  2454 | D:3      | Found a hazy altar of Hepliaklqana.
  2460 | D:3      | Noticed Natasha
  2472 | D:3      | Killed Natasha
  2473 | D:3      | Reached skill level 5 in Fighting
  2478 | D:3      | Noticed Natasha
  2485 | D:3      | Killed Natasha
  2491 | D:3      | Noticed Natasha
  2501 | D:3      | HP: 21/48 [Natasha (5)]
  2504 | D:3      | Killed Natasha
  2505 | D:3      | Reached XP level 6. HP: 26/56 MP: 6/6
  2920 | D:3      | Noticed Sigmund
  2927 | D:3      | Killed Sigmund
  2928 | D:3      | Reached skill level 7 in Axes
  3355 | D:4      | Found a runed translucent door.
  3355 | D:4      | Noticed Sassenached's ghost (novice BaWn)
  3403 | D:4      | Found a runed translucent door.
  3464 | D:4      | Found a sand-covered staircase.
  3469 | Ossuary  | Entered an ossuary
  3507 | Ossuary  | Reached skill level 6 in Fighting
  3507 | Ossuary  | Reached skill level 8 in Axes
  3507 | Ossuary  | Reached XP level 7. HP: 33/63 MP: 7/7
  4007 | D:4      | Found a shimmering blue altar of Sif Muna.
  4743 | D:4      | HP: 25/63 [Sassenached's ghost (10)]
  4746 | D:4      | HP: 11/63 [Sassenached's ghost (2)]
  4752 | D:4      | HP: 17/94 [Sassenached's ghost (2)]
  4757 | D:4      | Killed Sassenached's ghost
  4757 | D:4      | Reached **** piety under Lugonu
  4758 | D:4      | Reached skill level 9 in Axes
  4758 | D:4      | Reached skill level 3 in Armour
  5052 | D:5      | Entered Level 5 of the Dungeon
  5139 | D:5      | Found a glowing golden altar of the Shining One.
  5186 | D:5      | Reached skill level 7 in Fighting
  5186 | D:5      | Reached skill level 4 in Armour
  5186 | D:5      | Reached XP level 8. HP: 40/73 MP: 8/8
  5526 | D:2      | Bought a +2 cloak of willpower for 279 gold pieces
  5729 | D:5      | Found a shimmering altar of Xom.
  5840 | D:5      | Found a staircase to the Ecumenical Temple.
  5857 | D:5      | Reached skill level 10 in Axes
  5857 | D:5      | Reached skill level 2 in Invocations
  5861 | D:5      | Noticed Blork the orc
  5870 | D:5      | Killed Blork the orc
  6075 | D:5      | Reached skill level 5 in Armour
  6369 | D:6      | Found a glowing drain.
  6395 | Sewer    | Entered a sewer
  6770 | D:6      | Killed an unseen horror
  6771 | D:6      | Reached skill level 8 in Fighting
  6771 | D:6      | Reached skill level 3 in Invocations
  6771 | D:6      | Reached XP level 9. HP: 55/81 MP: 8/10
  6998 | D:6      | Reached ***** piety under Lugonu
  7000 | D:6      | Reached skill level 11 in Axes
  7415 | D:6      | Noticed Pikel
  7435 | D:6      | HP: 23/81 [Pikel/+2 whip of electrocution (20)]
  7441 | D:6      | Killed Pikel
  7442 | D:6      | Reached skill level 6 in Armour
  7708 | D:6      | Reached skill level 4 in Invocations
  8382 | D:7      | Found a runed translucent gate.
  8382 | D:7      | Found a runed translucent gate.
  8382 | D:7      | Found a runed translucent gate.
  8383 | D:7      | Noticed kae's ghost (novice NaTm)
  9001 | D:7      | Killed kae's ghost
  9002 | D:7      | Reached skill level 9 in Fighting
  9002 | D:7      | Reached skill level 12 in Axes
  9002 | D:7      | Reached skill level 7 in Armour
  9237 | D:8      | Noticed Joseph
  9239 | D:8      | Found a bloodstained altar of Trog.
  9253 | D:8      | Killed Joseph
  9254 | D:8      | Reached XP level 10. HP: 72/91 MP: 12/12
  9358 | D:8      | Found a hide-covered altar of Uskayaw.
  9493 | D:8      | Noticed Prince Ribbit
  9502 | D:8      | Paralysed by a hornet for 2 turns
  9505 | D:8      | HP: 42/91 [hornet (5)]
  9509 | D:8      | Reached skill level 5 in Invocations
  9510 | D:8      | HP: 32/91 [poisoned by a hornet]
  9515 | D:8      | HP: 24/91 [poisoned by a hornet]
  9521 | D:8      | HP: 20/91 [poisoned by a hornet]
  9526 | D:8      | HP: 19/91 [poisoned by a hornet]
  9531 | D:8      | HP: 18/91 [poisoned by a hornet]
  9539 | D:8      | HP: 18/91 [poisoned by a hornet]
  9547 | D:8      | HP: 18/91 [poisoned by a hornet]
  9856 | D:8      | Found a runed translucent gate.
  9856 | D:8      | Found a runed translucent gate.
  9856 | D:8      | Found an opulent altar of Gozag.
  9856 | D:8      | Noticed diceflayer's ghost (novice FoFi)
  9857 | D:8      | Found a runed translucent gate.
 10339 | D:8      | HP: 43/91 [Prince Ribbit (8)]
 10344 | D:8      | Killed Prince Ribbit
 10611 | D:8      | Found a blossoming altar of Fedhas.
 10619 | D:8      | Noticed an elephant
 10630 | D:8      | Noticed a death yak
 10638 | D:8      | Killed an elephant
 10641 | D:8      | Reached skill level 13 in Axes
 10641 | D:8      | Reached skill level 8 in Armour
 10644 | D:8      | HP: 39/93 [death yak (17)]
 10649 | D:8      | HP: 35/93 [poisoned by a worker ant]
 10655 | D:8      | HP: 33/93 [poisoned by a worker ant]
 10660 | D:8      | Killed a death yak
 10661 | D:8      | Reached skill level 10 in Fighting
 10662 | D:8      | HP: 21/93 [poisoned by a worker ant]
 10669 | D:8      | HP: 21/93 [poisoned by a worker ant]
 10677 | D:8      | HP: 21/93 [poisoned by a worker ant]
 10971 | D:8      | Found a staircase to the Lair.
 11193 | D:8      | Killed diceflayer's ghost
 11452 | D:9      | Found an opulent altar of Gozag.
 11708 | D:9      | Found a basalt altar of Yredelemnul.
 11908 | D:9      | Found a broken altar of Ashenzari.
 12099 | D:9      | Reached skill level 9 in Armour
 12379 | D:10     | Entered Level 10 of the Dungeon
 12418 | D:10     | Reached skill level 14 in Axes
 12418 | D:10     | Reached XP level 11. HP: 100/101 MP: 13/13
 12585 | D:10     | Noticed a centaur warrior
 12598 | D:10     | Killed a centaur warrior
 13231 | D:10     | HP: 47/101 [yak (11)]
 13235 | D:10     | Reached skill level 11 in Fighting
 14265 | D:11     | Noticed a boulder beetle
 14284 | D:11     | Killed a boulder beetle
 14619 | D:11     | Found an opulent altar of Gozag.
 14637 | D:11     | Noticed an eight-headed hydra
 14637 | D:11     | Noticed a two-headed ogre
 14727 | D:11     | Reached ****** piety under Lugonu
 14791 | D:10     | HP: 36/102 [two-headed ogre/+0 giant club (17)]
 14800 | D:10     | Killed a two-headed ogre
 14801 | D:10     | Reached skill level 15 in Axes
 14801 | D:10     | Reached skill level 10 in Armour
 15109 | Lair:1   | Entered Level 1 of the Lair of Beasts
 15391 | Lair:1   | HP: 49/102 [komodo dragon (21)]
 15396 | Lair:1   | HP: 39/102 [poisoned by a water moccasin]
 15402 | Lair:1   | HP: 36/102 [poisoned by a water moccasin]
 15408 | Lair:1   | HP: 35/102 [poisoned by a water moccasin]
 15414 | Lair:1   | HP: 34/102 [poisoned by a water moccasin]
 15421 | Lair:1   | HP: 34/102 [poisoned by a water moccasin]
 15848 | Lair:1   | HP: 45/104 [komodo dragon (22)]
 15850 | Lair:1   | HP: 15/104 [komodo dragon (14)]
 15855 | Lair:1   | HP: 10/104 [poisoned by a black mamba]
 16310 | Lair:1   | Noticed a four-headed hydra
 16523 | Lair:1   | Noticed an oklob plant
 16551 | Lair:1   | Reached XP level 12. HP: 112/112 MP: 15/15
 16764 | Lair:1   | Reached skill level 6 in Invocations
 16827 | Lair:1   | Reached skill level 12 in Fighting
 17020 | Lair:1   | Reached skill level 16 in Axes
 17603 | Lair:1   | Reached skill level 11 in Armour
 17628 | Lair:2   | Noticed Urug
 17640 | Lair:2   | HP: 53/112 [Urug/+0 long sword of holy wrath (16)]
 17645 | Lair:2   | HP: 28/112 [Urug/+0 long sword of holy wrath (14)]
 17651 | Lair:2   | Killed Urug
 18084 | Lair:2   | Noticed an eight-headed hydra
 18269 | Lair:2   | HP: 56/113 [komodo dragon (23)]
 18272 | Lair:2   | HP: 24/113 [komodo dragon (21)]
 18275 | Lair:2   | HP: 4/113 [komodo dragon (12)]
 18826 | Lair:2   | Banished an eight-headed hydra
 18827 | Lair:2   | Reached skill level 7 in Invocations
 19039 | Lair:2   | Found a hole to the Spider Nest.
 19320 | Lair:2   | Noticed Erica
 19333 | Lair:2   | HP: 45/113 [Erica/lance of force (19)]
 19335 | Lair:2   | Killed Erica
 19338 | Lair:2   | HP: 27/113 [poisoned by Erica (bolt of poison)]
 19344 | Lair:2   | HP: 23/113 [poisoned by Erica (bolt of poison)]
 19349 | Lair:2   | HP: 21/113 [poisoned by Erica (bolt of poison)]
 19355 | Lair:2   | HP: 19/113 [poisoned by Erica (bolt of poison)]
 19361 | Lair:2   | HP: 19/113 [poisoned by Erica (bolt of poison)]
 19369 | Lair:2   | HP: 19/113 [poisoned by Erica (bolt of poison)]
 20020 | Lair:3   | Noticed a four-headed hydra
 20025 | Lair:3   | Banished a four-headed hydra
 20259 | Lair:3   | You fall into a shaft and drop 3 floors!
 20259 | Lair:6   | Entered Level 6 of the Lair of Beasts
 20291 | Lair:6   | Reached skill level 17 in Axes
 20383 | Lair:6   | Noticed a catoblepas
 20407 | Lair:6   | Reached XP level 13. HP: 96/119 MP: 17/17
 20414 | Lair:6   | HP: 46/119 [catoblepas (22)]
 20420 | Lair:6   | HP: 37/119 [catoblepas (10)]
 20427 | Lair:6   | Reached skill level 13 in Fighting
 20747 | Lair:5   | Reached skill level 12 in Armour
 20828 | Lair:5   | HP: 43/122 [boulder beetle (20)]
 20831 | Lair:5   | Reached skill level 8 in Invocations
 21103 | Lair:5   | Found a gate leading to a gauntlet.
 21112 | Gauntlet | Entered a Gauntlet
 21112 | Gauntlet | Found a transporter.
 21112 | Gauntlet | Found a transporter.
 21124 | Gauntlet | Found a transporter.
 21125 | Gauntlet | Found a transporter.
 21132 | Gauntlet | Found a transporter.
 21136 | Gauntlet | Found a transporter.
 21139 | Gauntlet | Noticed a quicksilver ooze
 21144 | Gauntlet | Found a transporter.
 21161 | Gauntlet | Found a transporter.
 21176 | Gauntlet | Found a transporter.
 21180 | Gauntlet | Found a transporter.
 21188 | Gauntlet | Found a transporter.
 21192 | Gauntlet | Found a transporter.
 21270 | Gauntlet | HP: 61/122 [necromancer/+0 dagger (2)]
 21497 | Gauntlet | Found a runed translucent door.
 21623 | Gauntlet | Identified the +2 pair of gloves of Byal {Int+5}
 21672 | Gauntlet | Noticed a minotaur
 21678 | Gauntlet | HP: 54/122 [minotaur/staff of fire (9)]
 21682 | Gauntlet | HP: 25/122 [minotaur/staff of fire (7)]
 21683 | Gauntlet | Killed a minotaur
 21690 | Gauntlet | Identified the Catalogue of Classification
 21690 | Gauntlet | Identified the -6 pair of gloves of Inaction {+Blink
                  | Regen+}
 22035 | Lair:4   | Found a staircase to the Shoals.
 23693 | Lair:5   | Reached skill level 18 in Axes
 23695 | Lair:5   | HP: 54/122 [death yak[a torpor snail] (15)]
 23701 | Lair:5   | HP: 37/122 [death yak[a torpor snail] (9)]
 24128 | Lair:5   | Found an ornate altar of the Wu Jian Council.
 24128 | Lair:5   | Found a hide-covered altar of Uskayaw.
 24533 | Lair:5   | Reached skill level 9 in Invocations
 25103 | Lair:6   | Found a staircase to the Slime Pits.
 25213 | Lair:6   | HP: 57/123 [catoblepas (6)]
 25216 | Lair:6   | HP: 18/123 [catoblepas (25)]
 25218 | Lair:6   | HP: 7/123 [catoblepas (10)]
 25221 | Lair:6   | Reached skill level 13 in Armour
 25221 | Lair:6   | Reached XP level 14. HP: 6/130 MP: 17/19
 25654 | Lair:6   | Reached skill level 14 in Fighting
 27120 | Lair:6   | HP: 60/132 [dire elephant (16)]
 27128 | Lair:6   | HP: 43/132 [dire elephant (1)]
 27139 | Lair:6   | HP: 31/132 [dire elephant (15)]
 27144 | Lair:6   | Reached skill level 19 in Axes
 27554 | Lair:6   | HP: 55/133 [dire elephant (27)]
 27558 | Lair:6   | HP: 7/133 [dire elephant (24)]
 27559 | Lair:6   | HP: 1/133 [dire elephant (4)]
 28531 | Lair:6   | Found a staircase to the Slime Pits.
 29320 | D:11     | HP: 58/133 [six-headed hydra (10)]
 29392 | D:11     | HP: 58/133 [cyan ugly thing (17)]
 29660 | D:11     | Found Echo's Elemental Accessories.
 29963 | D:11     | Found a staircase to the Orcish Mines.
 29978 | D:11     | Reached skill level 2 in Dodging
 30678 | D:12     | You fall into a shaft and drop 2 floors!
 30762 | D:14     | Reached skill level 10 in Invocations
 31366 | D:13     | Paralysed by a floating eye for 2 turns
 31501 | D:13     | Reached skill level 3 in Dodging
 31791 | D:13     | HP: 58/133 [white ugly thing (12)]
 31797 | D:13     | HP: 28/133 [centaur[a centaur warrior] (7)]
 31804 | D:13     | HP: 15/133 [vault guard/+0 war axe (7)]
 31809 | D:13     | HP: 15/133 [poisoned by a vault guard]
 31816 | D:12     | HP: 13/133 [poisoned by a vault guard]
 31822 | D:12     | HP: 12/133 [poisoned by a vault guard]
 31831 | D:12     | HP: 12/133 [poisoned by a vault guard]
 31837 | D:12     | HP: 12/133 [poisoned by a vault guard]
 31845 | D:12     | HP: 13/133 [poisoned by a vault guard]
 32366 | D:13     | Found a transporter.
 32369 | D:13     | Noticed a red very ugly thing
 32369 | D:13     | Noticed a brown very ugly thing
 32369 | D:13     | Noticed a cyan very ugly thing
 32370 | D:13     | Noticed a green very ugly thing
 32372 | D:13     | Found a corrupted altar of Lugonu.
 32490 | D:13     | HP: 66/133 [tengu warrior/+2 long sword (3)]
 32497 | D:13     | HP: 41/133 [tengu warrior/+2 long sword (9)]
 32504 | D:13     | Reached skill level 14 in Armour
 32504 | D:13     | HP: 13/133 [vault guard/+0 war axe (17)]
 32512 | D:13     | Reached skill level 4 in Dodging
 32971 | D:13     | Reached XP level 15. HP: 124/139 MP: 21/21
 33029 | D:13     | Found a gate to the Vaults.
 33405 | D:13     | Noticed a tengu reaver
 33431 | D:13     | Reached skill level 15 in Fighting
 33508 | D:13     | HP: 57/141 [tengu reaver/bolt of acid (29)]
 33514 | D:13     | HP: 65/141 [tengu reaver/+1 war axe (3)]
 33517 | D:13     | Killed a tengu reaver
 33519 | D:13     | HP: 51/141 [poisoned by a tengu reaver (bolt of poison)]
 33524 | D:13     | HP: 48/141 [poisoned by a tengu reaver (bolt of poison)]
 33530 | D:13     | HP: 46/141 [poisoned by a tengu reaver (bolt of poison)]
 33537 | D:13     | HP: 45/141 [poisoned by a tengu reaver (bolt of poison)]
 33544 | D:13     | HP: 46/141 [poisoned by a tengu reaver (bolt of poison)]
 33552 | D:13     | HP: 46/141 [poisoned by a tengu reaver (bolt of poison)]
 33843 | D:13     | Identified the Collected Works on the Arsonist
 33905 | D:13     | Found a transporter.
 33957 | D:13     | Noticed a tentacled starspawn
 34360 | D:14     | HP: 68/136 [orc warrior/+2 scimitar of draining (5)]
 34367 | D:14     | HP: 46/134 [orc priest/divine providence (11)]
 34699 | D:14     | Reached skill level 5 in Dodging
 34709 | D:14     | Found an opulent altar of Gozag.
 35305 | D:14     | Noticed a tengu reaver
 35311 | D:14     | Reached skill level 20 in Axes
 35318 | D:14     | HP: 66/141 [tengu reaver/bolt of fire (29)]
 35329 | D:14     | HP: 49/141 [tengu reaver/bolt of lightning (19)]
 35332 | D:14     | Killed a tengu reaver
 35339 | D:14     | HP: 48/141 [worker ant (4)]
 35346 | D:14     | HP: 44/141 [efreet/+1 scimitar of flaming (5)]
 36000 | D:15     | Entered Level 15 of the Dungeon
 36025 | D:15     | Found a frozen archway.
 36034 | IceCv    | Entered an ice cave
 36050 | IceCv    | Reached skill level 6 in Dodging
 36376 | IceCv    | HP: 64/141 [something (8)]
 36659 | IceCv    | Identified the +4 scythe of Descent {vorpal, *Contam +Fly
                  | Will+ Dex+4}
 37590 | D:15     | Found a staircase to the Depths.
 37595 | D:15     | HP: 71/143 [salamander (8)]
 37600 | D:15     | HP: 49/143 [merfolk/+0 trident (3)]
 37605 | D:15     | Reached skill level 15 in Armour
 37605 | D:15     | HP: 24/143 [slime creature (9)]
 37610 | D:15     | HP: 23/143 [slime creature (12)]
 38029 | D:15     | Reached skill level 7 in Dodging
 38399 | Orc:1    | Entered Level 1 of the Orcish Mines
 38511 | Orc:1    | HP: 69/143 [red devil/+0 trident[an orc high priest] (10)]
 38512 | Orc:1    | HP: 32/143 [sixfirhy[an orc high priest] (10)]
 38899 | Orc:2    | Entered Level 2 of the Orcish Mines
 38899 | Orc:2    | Found Nyami's Antique Weapon Emporium.
 39047 | Orc:1    | HP: 71/143 [two-headed ogre/+0 giant club (12)]
 39358 | Orc:1    | Reached skill level 16 in Fighting
 39593 | Orc:2    | Noticed Donald
 39733 | Orc:1    | HP: 64/144 [iron troll (14)]
 39738 | Orc:1    | Killed Donald
 39739 | Orc:1    | Reached skill level 8 in Dodging
 40265 | Orc:2    | Found Weohafarch's Magic Scroll Boutique.
 40280 | Orc:2    | Found Tosad's Armour Boutique.
 40290 | Orc:2    | Reached XP level 16. HP: 142/152 MP: 22/22
 40328 | Orc:2    | Bought a scroll of teleportation for 45 gold pieces
 40328 | Orc:2    | Bought a scroll of identify for 30 gold pieces
 40335 | Orc:2    | Found Xeafor's Antique Armour Shop.
 40339 | Orc:2    | Bought a glowing executioner's axe for 416 gold pieces
 40382 | Orc:2    | Bought a scroll of enchant weapon for 112 gold pieces
 40382 | Orc:2    | Bought a scroll of enchant weapon for 112 gold pieces
 40516 | Orc:2    | Found a staircase to the Elven Halls.
 41757 | Spider:1 | Entered Level 1 of the Spider Nest
 42022 | Spider:1 | HP: 67/152 [disintegration (17)]
 42326 | Spider:1 | HP: 73/152 [wolf spider (6)]
 42331 | Spider:1 | HP: 68/152 [poisoned by a wolf spider]
 42336 | Spider:1 | HP: 68/152 [poisoned by a wolf spider]
 42342 | Spider:1 | HP: 68/152 [poisoned by a wolf spider]
 42349 | Spider:1 | HP: 68/152 [poisoned by a wolf spider]
 42626 | Spider:1 | Reached skill level 9 in Dodging
 42698 | Spider:1 | Noticed Frances
 42707 | Spider:1 | Killed Frances
 43114 | Spider:2 | HP: 75/152 [wolf spider (2)]
 43115 | Spider:2 | HP: 37/152 [emperor scorpion (14)]
 43118 | Spider:1 | HP: 14/152 [poisoned by a wolf spider]
 43124 | Spider:1 | Reached skill level 16 in Armour
 43124 | Spider:1 | HP: 12/152 [redback (1)]
 43124 | Spider:1 | HP: 5/152 [wolf spider (7)]
 43567 | Spider:2 | HP: 72/152 [tarantella (9)]
 43569 | Spider:2 | HP: 29/152 [redback (9)]
 43570 | Spider:2 | HP: 8/152 [redback (9)]
 43573 | Spider:2 | Succumbed to a redback's poison

Vanquished Creatures
  Frances (Spider:1)
  Donald (Orc:1)
  2 tengu reavers
  A ghost moth (Spider:1)
  An emperor scorpion (Spider:1)
  A reaper (IceCv)
  A stone giant (Orc:1)
  A minotaur (Gauntlet)
  7 dire elephants
  4 vault guards (D:13)
  6 hydras
  2 ogre magi (Orc:2)
  5 catoblepae
  4 boulder beetles
  7 centaur warriors
  Erica (Lair:2)
  An anaconda (Lair:6)
  2 tengu warriors
  An orc high priest (Orc:1)
  3 death yaks
  9 two-headed ogres
  A two-headed ogre (shapeshifter) (Gauntlet)
  Urug (Lair:2)
  A fire crab (shapeshifter) (D:14)
  The ghost of diceflayer the Blocker, a novice FoFi of Okawaru (D:8)
  An iron troll (Orc:1)
  A deep troll (Orc:1)
  3 unseen horrors
  Pikel (D:6)
  A necromancer (Gauntlet)
  3 cyclopes
  7 wolf spiders (Spider:1)
  An orc sorcerer (Orc:1)
  3 ugly things
  2 orb spiders (Spider:1)
  2 manticores
  A salamander (D:15)
  A wolf spider zombie (D:14)
  A cyclops (shapeshifter) (Gauntlet)
  A moth of wrath (Spider:1)
  24 elephants
  2 ice statues (IceCv)
  4 black mambas
  The ghost of Sassenached the Skirmisher, a novice BaWn (D:4)
  The ghost of kae the Ruffian, a novice NaTm of Cheibriados (D:7)
  Joseph (D:8)
  7 cane toads
  3 rime drakes
  2 torpor snails (Lair:5)
  A gargoyle (D:13)
  7 ice devils (IceCv)
  An efreet (D:14)
  A demonic crawler (Spider:1)
  A kobold demonologist (D:14)
  14 komodo dragons
  3 freezing wraiths (D:14)
  A polar bear (shapeshifter) (D:14)
  4 jumping spiders (Spider:1)
  A merfolk (D:15)
  A polar bear (Lair:1)
  11 trolls
  2 hornets
  A blink frog (shapeshifter) (Gauntlet)
  2 slime creatures (D:15)
  Prince Ribbit (D:8)
  8 dream sheep
  4 wraiths
  Sigmund (D:3)
  3 shadows
  25 redbacks
  56 yaks
  8 tarantellas (Spider:1)
  2 vampires
  3 wyverns
  A hog (shapeshifter) (D:15)
  2 humans (shapeshifter)
  6 basilisks
  9 vampire mosquitoes
  A steam dragon (D:11)
  2 wargs
  A soldier ant (D:14)
  14 water moccasins
  4 acid dragons
  A floating eye (shapeshifter) (D:13)
  18 orc warriors
  4 ice beasts
  A hornet zombie (D:5)
  5 sky beasts
  4 black bears
  5 necrophages (Lair:4)
  5 boggarts (D:14)
  31 ogres
  21 centaurs
  14 wolves
  4 lemures (D:6)
  3 phantoms
  An elf zombie (Ossuary)
  Blork the orc (D:5)
  6 kobold brigands
  13 bullfrogs
  A gnoll sergeant (D:9)
  A water moccasin zombie (D:9)
  5 scorpions
  A wight (D:8)
  2 electric eels
  4 howler monkeys
  2 quasits
  4 centaur zombies
  2 hounds
  5 bullfrog zombies
  15 jellies
  9 orc priests
  3 bullfrog skeletons
  3 centaur skeletons
  Natasha (thrice) (D:3)
  5 iguanas
  14 orc wizards
  17 worker ants
  A killer bee zombie (D:9)
  A hound zombie (D:6)
  A hound skeleton (D:10)
  2 mummies (Ossuary)
  A howler monkey zombie (D:9)
  4 worker ant zombies
  12 adders
  5 gnolls (D:9)
  A shadow imp (D:6)
  11 white imps
  11 ufetubi
  An ooze (shapeshifter) (Gauntlet)
  2 oozes (D:3)
  4 adder zombies
  4 worms
  2 dart slugs
  11 leopard geckos
  90 orcs
  A ball python (shapeshifter) (Gauntlet)
  7 giant cockroaches
  4 gnoll zombies (Ossuary)
  8 goblins
  8 hobgoblins
  12 jackals
  18 kobolds
  A quokka (D:10)
  4 ball pythons
  14 bats
  7 frilled lizards
  3 goblin zombies (Ossuary)
  4 hobgoblin zombies (Ossuary)
  2 leopard gecko skeletons
  A leopard gecko zombie (D:9)
  2 orc zombies (Ossuary)
  2 quokka skeletons (D:6)
  4 rats
840 creatures vanquished.

Vanquished Creatures (collateral kills)
  2 wolf spiders (Spider:1)
  A jumping spider (Spider:1)
  A redback (Spider:1)
4 creatures vanquished.

Vanquished Creatures (others)
  A rime drake (shapeshifter) (D:14)
  3 white imps (IceCv)
  2 ufetubi (IceCv)
  51 fungi
  70 plants
127 creatures vanquished.

Grand Total: 971 creatures vanquished

Table legend: (Time is in decaauts)
 A = Elapsed time spent in this place.
 B = Non-inter-level travel time spent in this place.
 C = Inter-level travel time spent in this place.
 D = Time resting spent in this place.
 E = Time spent auto-exploring this place.
 F = Levels seen in this place.
 G = Mean time per level.
                   A        B        C        D        E       F      G
               +--------+--------+--------+--------+--------+-----+--------+
         Total |  43272 |  40747 |   2525 |  13065 |  23249 |  30 | 1442.4 |
       Dungeon |  22532 |  20884 |   1648 |   5062 |  13506 |  15 | 1502.1 |
          Lair |  13162 |  12643 |    519 |   4257 |   7260 |   6 | 2193.7 |
   Spider Nest |   1817 |   1768 |     49 |   1052 |    501 |   2 |  908.5 |
  Orcish Mines |   3193 |   2884 |    309 |   1482 |   1134 |   2 | 1596.5 |
         Abyss |     55 |     55 |      0 |      0 |     51 |   1 |   55.0 |
         Sewer |    355 |    355 |      0 |      0 |    264 |   1 |  355.0 |
       Ossuary |    311 |    311 |      0 |    144 |     87 |   1 |  311.0 |
      Ice Cave |    944 |    944 |      0 |    599 |    124 |   1 |  944.0 |
      Gauntlet |    900 |    900 |      0 |    469 |    320 |   1 |  900.0 |
               +--------+--------+--------+--------+--------+-----+--------+

Top non-repeatable levels by time:
  Lair:6: 4256 daAuts
  Lair:1: 2553 daAuts
  Lair:2: 2428 daAuts
     D:8: 2264 daAuts
   Orc:1: 2221 daAuts
    D:13: 2212 daAuts
    D:10: 2207 daAuts
  Lair:5: 2068 daAuts
    D:14: 1865 daAuts
Spider:1: 1778 daAuts
     D:6: 1678 daAuts
     D:4: 1518 daAuts
    D:11: 1472 daAuts
    D:12: 1399 daAuts
    D:15: 1336 daAuts
